Kings vs Senateurs
Created - June 10, 2022 at 23:36
Goals
|
| Kings |
0 |
0 |
1 |
1 |
| Senateurs |
1 |
1 |
2 |
4 |
|
Shots
|
| Kings |
9 |
7 |
8 |
24 |
| Senateurs |
15 |
6 |
7 |
28 |
|
1st period
1. Senateurs , Brandon Sutter 21 (Reilly Smith 38, Sean Bergenheim 29) at 7:59
Penalties :
No Penalty
2nd period
2. Senateurs , Sidney Crosby 44 (Reilly Smith 39, Sean Bergenheim 30) at 11:20 (PP)
Penalties :
Jared Cowen (L.A) for Tripping (Minor) at 1:28, Teuvo Teravainen (L.A) for Hooking (Minor) at 9:59, Kyle Clifford (L.A) for Hooking (Minor) at 19:16
3rd period
3. Kings , Sean Monahan 28 (Kyle Clifford 46, Seth Jones 45) at 12:49 (PP)
4. Senateurs , Sidney Crosby 45 (PK Subban 26, Sean Bergenheim 31) at 13:58 (PP)
5. Senateurs , Sidney Crosby 46 (Mike Green 31, Sean Bergenheim 32) at 16:26
Penalties :
Eric Gelinas (Ott) for Slashing (Minor) at 12:12, Nathan MacKinnon (L.A) for Tripping (Minor) at 13:43
Goalie Stats
Andrei Vasilevskiy (L.A), 24 saves from 28 shots - (0.857), L, 16-15-3, 60:00 minutes
Jonathan Bernier (Ott), 23 saves from 24 shots - (0.958), W, 25-13-3, 60:00 minutes
Players Stats for Kings
Player Name G A P +/- PIM S H SB GA TA FO MP PP MP PK MP
------------------------------------------------------------------------------------
Aaron Ekblad 0 0 0 -1 0 1 1 4 0 0 0/0 18:34 0:00 0:03
Brady Skjei 0 0 0 -1 0 0 2 2 0 1 0/0 22:20 0:29 2:00
Cody Franson 0 0 0 0 0 0 1 3 0 1 0/0 16:12 0:00 3:34
Damon Severson 0 0 0 0 0 0 2 0 0 0 0/0 17:24 0:00 1:09
David Pastrnak 0 0 0 -1 0 5 3 0 2 0 0/0 15:20 0:22 0:00
Derek Boogaard 0 0 0 -1 0 1 1 0 1 0 1/1 16:40 0:00 1:21
Drew Stafford 0 0 0 0 0 1 1 0 1 0 0/1 9:17 0:00 1:06
Jake Guentzel 0 0 0 -1 0 1 1 0 0 1 0/0 15:20 0:22 0:00
Jared Cowen 0 0 0 -1 2 2 1 4 0 1 0/0 24:39 0:08 2:25
Kyle Clifford 0 1 1 0 2 2 2 1 1 0 0/0 17:27 0:15 1:52
Max Friberg 0 0 0 0 0 0 0 0 1 0 0/0 9:17 0:00 1:06
Mikko Rantanen 0 0 0 -1 0 4 1 0 1 0 0/0 15:19 0:00 0:00
Nathan MacKinnon 0 0 0 0 2 1 2 0 0 0 4/9 15:41 0:22 0:32
Pavel Datsyuk 0 0 0 0 0 0 2 0 0 0 1/1 8:11 0:00 0:00
Ryan O'Reilly 0 0 0 -1 0 1 0 0 0 0 8/18 19:11 0:08 3:32
Sean Monahan 1 0 1 -1 0 4 1 2 0 0 5/13 17:46 0:15 1:39
Seth Jones 0 1 1 -1 0 1 2 0 2 1 0/0 20:42 0:29 1:57
Teuvo Teravainen 0 0 0 0 2 0 3 0 0 0 0/0 15:02 0:15 0:00
Players Stats for Senateurs
Player Name G A P +/- PIM S H SB GA TA FO MP PP MP PK MP
------------------------------------------------------------------------------------
Brandon Burlon 0 0 0 0 0 2 0 1 0 1 0/0 14:07 0:00 0:00
Brandon Sutter 1 0 1 1 0 2 4 0 0 0 3/6 15:57 1:55 0:00
Eric Gelinas 0 0 0 2 2 1 3 2 1 2 0/0 26:35 3:35 0:00
Eric Wellwood 0 0 0 0 0 1 1 0 0 0 0/0 9:06 0:00 0:00
Erik Haula 0 0 0 0 0 2 1 0 2 0 0/3 13:11 0:00 0:00
James Neal 0 0 0 0 0 3 0 1 0 0 0/0 13:11 0:00 0:00
Jason Pominville 0 0 0 1 0 0 2 1 1 1 0/0 15:57 1:55 0:00
Mike Green 0 1 1 2 0 1 1 2 0 1 0/0 27:13 3:35 0:37
Paul Stastny 0 0 0 0 0 0 1 1 1 0 0/0 13:11 0:00 0:00
PK Subban 0 1 1 0 0 2 1 1 0 0 0/0 18:40 1:59 0:00
Reilly Smith 0 2 2 1 0 2 2 0 0 0 0/1 21:09 3:39 0:00
Rostislav Olesz 0 0 0 1 0 0 0 0 0 0 0/1 15:57 1:55 0:00
Ryan Getzlaf 0 0 0 0 0 3 3 0 0 1 1/2 9:06 0:00 0:00
Sean Bergenheim 0 4 4 1 0 3 5 1 0 0 1/1 21:46 3:39 0:37
Sidney Crosby 3 0 3 1 0 5 3 0 0 1 19/29 21:46 3:39 0:37
Steve Bernier 0 0 0 0 0 1 0 0 0 0 0/0 9:06 0:00 0:00
T.J. Fast 0 0 0 0 0 0 0 0 0 1 0/0 14:07 0:00 0:00
Taylor Chorney 0 0 0 0 0 0 2 3 0 1 0/0 19:17 1:59 0:37
3 Stars
1 - Sidney Crosby (Ott)
2 - Sean Bergenheim (Ott)
3 - Brandon Sutter (Ott)
Power Play
Kings - 1 on 1 Attempt(s) - 100.00%
Senateurs - 2 on 4 Attempt(s) - 50.00%
Penalty Kill
Kings - 2 on 4 Attempt(s) - 50.00%
- Score 0 goal in Penalty Kill
Senateurs - 0 on 1 Attempt(s) - 0.00%
- Score 0 goal in Penalty Kill
Team Stat
Kings - Hits : 26 - Faceoff Wins : 19 - Blocked Shots : 16 - Penalty Minutes : 8
Senateurs - Hits : 29 - Faceoff Wins : 24 - Blocked Shots : 13 - Penalty Minutes : 2
Official
Referees : Ian Walsh and Kendrick Nicholson
Linesman : Derek Amell and Devin Berg
Game Notes
Sidney Crosby has scored a Hat Trick!
Finance
Level 1 -- Attendance: 6000 (100.00%) -- Ticket Income $600,000
Level 2 -- Attendance: 5000 (100.00%) -- Ticket Income $300,000
Level 3 -- Attendance: 1934 (96.70%) -- Ticket Income $67,690
Level 4 -- Attendance: 3908 (97.70%) -- Ticket Income $97,700
Luxury Box -- Attendance: 970 (97.00%) -- Ticket Income $194,000
Game was played at the Centre Canadian Tire.
Total Attendance: 17812 (98.96%)
Total Ticket Income: $1,259,390
Other Income: $188,908
Total Income: $1,448,298
Kings
5 vs 5 Forward
Center Left Wing Right Wing Time % Phy DF OF
1 Nathan MacKinnon Kyle Clifford Teuvo Teravainen 33 1 2 2
2 Ryan O'Reilly Jake Guentzel David Pastrnak 33 1 2 2
3 Sean Monahan Derek Boogaard Mikko Rantanen 33 1 2 2
4 Pavel Datsyuk Max Friberg Drew Stafford 1 1 2 2
5 vs 5 Defense
Defense Defense Time % Phy DF OF
1 Jared Cowen Brady Skjei 40 1 2 2
2 Seth Jones Aaron Ekblad 40 1 2 2
3 Cody Franson Damon Severson 10 1 2 2
4 Jared Cowen Damon Severson 10 1 2 2
PowerPlay Forward
Center Left Wing Right Wing Time % Phy DF OF
1 Nathan MacKinnon Jake Guentzel David Pastrnak 55 1 2 2
2 Sean Monahan Kyle Clifford Teuvo Teravainen 45 1 2 2
PowerPlay Defense
Defense Defense Time % Phy DF OF
1 Seth Jones Brady Skjei 60 1 2 2
2 Ryan O'Reilly Jared Cowen 40 1 2 2
Penalty Kill 4 Players Forward
Center Wing Time % Phy DF OF
1 Ryan O'Reilly Kyle Clifford 60 3 2 0
2 Drew Stafford Max Friberg 40 3 2 0
Penalty Kill 4 Players Defense
Defense Defense Time % Phy DF OF
1 Jared Cowen Cody Franson 60 2 3 0
2 Seth Jones Brady Skjei 40 2 3 0
Penalty Kill - 3 Players Forward
Forward Time % Phy DF OF
1 Kyle Clifford 60 3 2 0
2 Ryan O'Reilly 40 3 2 0
Penalty Kill - 3 Players Defense
Defense Defense Time % Phy DF OF
1 Jared Cowen Cody Franson 60 2 3 0
2 Seth Jones Brady Skjei 40 2 3 0
4 vs 4 Forward
Center Wing Time % Phy DF OF
1 Ryan O'Reilly Teuvo Teravainen 60 1 2 2
2 Sean Monahan Kyle Clifford 40 1 2 2
4 vs 4 Defense
Defense Defense Time % Phy DF OF
1 Jared Cowen Brady Skjei 60 1 2 2
2 Seth Jones Cody Franson 40 1 2 2
Last Minutes Offensive
Center Left Wing Right Wing Defense Defense
Nathan MacKinnon Kyle Clifford David Pastrnak Seth Jones Brady Skjei
Last Minutes Defensive
Center Left Wing Right Wing Defense Defense
Ryan O'Reilly Kyle Clifford Drew Stafford Jared Cowen Seth Jones
Goaltenders
Starting : Andrei Vasilevskiy
Backup : Cam Talbot
Extra Forwards
Normal : Sean Monahan, Nathan MacKinnon, Ryan O'Reilly - PP : Mikko Rantanen, Drew Stafford - PK : Sean Monahan
Extra Defensemen
Normal : Aaron Ekblad, Damon Severson, Seth Jones - PP : Aaron Ekblad - PK : Damon Severson, Seth Jones
Penalty Shots
Mikko Rantanen, Sean Monahan, David Pastrnak, Teuvo Teravainen, Ryan O'Reilly
Scratches
Clarke MacArthur (Healthy), Darroll Powe (Healthy), Jonathan Sigalet (Healthy), Tim Connolly (Healthy), Jean-Francois Berube (Healthy)
Senateurs
5 vs 5 Forward
Center Left Wing Right Wing Time % Phy DF OF
1 Sidney Crosby Sean Bergenheim Reilly Smith 40 0 1 4
2 Brandon Sutter Rostislav Olesz Jason Pominville 30 0 1 4
3 Erik Haula Paul Stastny James Neal 20 1 2 2
4 Ryan Getzlaf Eric Wellwood Steve Bernier 10 1 2 2
5 vs 5 Defense
Defense Defense Time % Phy DF OF
1 Eric Gelinas Mike Green 40 1 3 1
2 PK Subban Taylor Chorney 30 1 3 1
3 Brandon Burlon T.J. Fast 20 1 3 1
4 Eric Gelinas Mike Green 10 1 3 1
PowerPlay Forward
Center Left Wing Right Wing Time % Phy DF OF
1 Sidney Crosby Sean Bergenheim Reilly Smith 60 0 1 4
2 Brandon Sutter Rostislav Olesz Jason Pominville 40 0 1 4
PowerPlay Defense
Defense Defense Time % Phy DF OF
1 Eric Gelinas Mike Green 60 0 2 3
2 PK Subban Taylor Chorney 40 0 2 3
Penalty Kill 4 Players Forward
Center Wing Time % Phy DF OF
1 Sidney Crosby Sean Bergenheim 60 1 2 2
2 Brandon Sutter Rostislav Olesz 40 1 2 2
Penalty Kill 4 Players Defense
Defense Defense Time % Phy DF OF
1 Eric Gelinas Mike Green 60 1 3 1
2 PK Subban Taylor Chorney 40 1 3 1
Penalty Kill - 3 Players Forward
Forward Time % Phy DF OF
1 Sidney Crosby 60 1 3 1
2 Brandon Sutter 40 1 3 1
Penalty Kill - 3 Players Defense
Defense Defense Time % Phy DF OF
1 Eric Gelinas Mike Green 60 1 4 0
2 PK Subban Taylor Chorney 40 1 4 0
4 vs 4 Forward
Center Wing Time % Phy DF OF
1 Sidney Crosby Sean Bergenheim 60 0 2 3
2 Brandon Sutter Rostislav Olesz 40 0 2 3
4 vs 4 Defense
Defense Defense Time % Phy DF OF
1 Eric Gelinas Mike Green 60 1 3 1
2 PK Subban Taylor Chorney 40 1 3 1
Last Minutes Offensive
Center Left Wing Right Wing Defense Defense
Sidney Crosby Sean Bergenheim Jason Pominville Eric Gelinas Mike Green
Last Minutes Defensive
Center Left Wing Right Wing Defense Defense
Sidney Crosby Sean Bergenheim Jason Pominville Eric Gelinas Mike Green
Goaltenders
Starting : Jonathan Bernier
Backup : Brian Elliott
Extra Forwards
Normal : Brandon Sutter, Erik Haula, James Neal - PP : Brandon Sutter, Erik Haula - PK : Brandon Sutter
Extra Defensemen
Normal : Taylor Chorney, Brandon Burlon, T.J. Fast - PP : Taylor Chorney - PK : Taylor Chorney, Brandon Burlon
Penalty Shots
Sidney Crosby, Sean Bergenheim, Jason Pominville, Reilly Smith, Brandon Sutter
Scratches
Sergei Kostitsyn (Healthy)
% Time on Ice - Kings
Lines # - Real PCT - Wanted PCT - Time Play
Normal Forward
1 - 29% - 33% - 15:21
2 - 28% - 33% - 14:58
3 - 28% - 33% - 15:19
4 - 15% - 1% - 8:11
Normal Defense
1 - 35% - 40% - 18:56
2 - 34% - 40% - 18:16
3 - 23% - 10% - 12:30
4 - 8% - 10% - 4:07
PP Forward
1 - 59% - 55% - 0:22
2 - 41% - 45% - 0:15
PP Defense
1 - 78% - 60% - 0:29
2 - 22% - 40% - 0:08
PK Forward
1 - 80% - 60% - 4:28
2 - 20% - 40% - 1:06
PK Defense
1 - 65% - 60% - 3:37
2 - 35% - 40% - 1:57
PK3 Forward
1 - 0% - 60%
2 - 0% - 40%
PK3 Defense
1 - 0% - 60%
2 - 0% - 40%
44 Forward
1 - 0% - 60%
2 - 0% - 40%
44 Defense
1 - 0% - 60%
2 - 0% - 40%
Last Minute Offensive - 0:00
Last Minute Defensive - 0:00
Total
Forward - 60:00
Defense - 60:00
|
% Time on Ice - Senateurs
Lines # - Real PCT - Wanted PCT - Time Play
Normal Forward
1 - 33% - 40% - 17:30
2 - 26% - 30% - 14:02
3 - 24% - 20% - 13:11
4 - 17% - 10% - 9:06
Normal Defense
1 - 35% - 40% - 18:52
2 - 31% - 30% - 16:41
3 - 26% - 20% - 14:07
4 - 8% - 10% - 4:09
PP Forward
1 - 66% - 60% - 3:39
2 - 34% - 40% - 1:55
PP Defense
1 - 64% - 60% - 3:35
2 - 36% - 40% - 1:59
PK Forward
1 - 100% - 60% - 0:37
2 - 0% - 40% - 0:00
PK Defense
1 - 100% - 60% - 0:37
2 - 0% - 40% - 0:00
PK3 Forward
1 - 0% - 60%
2 - 0% - 40%
PK3 Defense
1 - 0% - 60%
2 - 0% - 40%
44 Forward
1 - 0% - 60%
2 - 0% - 40%
44 Defense
1 - 0% - 60%
2 - 0% - 40%
Last Minute Offensive - 0:00
Last Minute Defensive - 0:00
Total
Forward - 60:00
Defense - 60:00
|
Play-by-Play
1st period
0:01 of 1st period - Sidney Crosby wins face-off versus Nathan MacKinnon in neutral zone.
0:10 of 1st period - Slapshot by Sidney Crosby.
0:10 of 1st period - Shot Misses the Net.
0:12 of 1st period - Slapshot by Eric Gelinas.
0:12 of 1st period - Stopped by Andrei Vasilevskiy with a rebound.
0:14 of 1st period - Backhand shot by Reilly Smith.
0:14 of 1st period - Stopped by Andrei Vasilevskiy with a rebound.
0:16 of 1st period - Wrist shot by Eric Gelinas.
0:16 of 1st period - Shot Blocked by Jared Cowen.
1:08 of 1st period - Wrist shot by James Neal.
1:08 of 1st period - Stopped by Andrei Vasilevskiy with a rebound.
1:28 of 1st period - Snap shot by Seth Jones.
1:28 of 1st period - Shot Blocked by Brandon Burlon.
1:46 of 1st period - T.J. Fast is hit by Seth Jones and loses puck.
2:25 of 1st period - Backhand shot by Derek Boogaard.
2:25 of 1st period - Deflect By Mikko Rantanen.
2:25 of 1st period - Stopped by Jonathan Bernier with a rebound.
2:27 of 1st period - Wrist shot by Sean Monahan.
2:27 of 1st period - Deflect By Derek Boogaard.
2:27 of 1st period - Stopped by Jonathan Bernier with a rebound.
2:49 of 1st period - Snap shot by Sean Bergenheim.
2:49 of 1st period - Shot Blocked by Cody Franson.
3:03 of 1st period - Ryan O'Reilly is hit by Eric Wellwood and loses puck.
3:10 of 1st period - Wrist shot by Eric Wellwood.
3:10 of 1st period - Shot Misses the Net.
3:26 of 1st period - Snap shot by Nathan MacKinnon.
3:26 of 1st period - Stopped by Jonathan Bernier with a rebound.
3:28 of 1st period - Snap shot by Kyle Clifford.
3:28 of 1st period - Deflect By Teuvo Teravainen.
3:28 of 1st period - Shot Blocked by Taylor Chorney.
3:28 of 1st period - Puck is out of play.
3:29 of 1st period - Nathan MacKinnon wins face-off versus Sidney Crosby in Senateurs zone.
3:56 of 1st period - Taylor Chorney is hit by Jared Cowen and loses puck.
4:07 of 1st period - Snap shot by Jason Pominville.
4:07 of 1st period - Shot Blocked by Sean Monahan.
4:23 of 1st period - Wrist shot by Erik Haula.
4:23 of 1st period - Stopped by Andrei Vasilevskiy with a rebound.
4:29 of 1st period - James Neal is hit by Damon Severson and loses puck.
4:40 of 1st period - Damon Severson is hit by PK Subban and loses puck.
4:47 of 1st period - PK Subban is hit by Pavel Datsyuk and loses puck.
4:54 of 1st period - Pavel Datsyuk is hit by Ryan Getzlaf and loses puck.
6:00 of 1st period - Snap shot by Ryan O'Reilly.
6:00 of 1st period - Stopped by Jonathan Bernier without a rebound.
6:01 of 1st period - Sean Bergenheim wins face-off versus Nathan MacKinnon in Senateurs zone.
6:18 of 1st period - Wrist shot by Reilly Smith.
6:18 of 1st period - Shot Blocked by Kyle Clifford.
6:35 of 1st period - Sean Monahan is hit by Jason Pominville and loses puck.
6:54 of 1st period - Slapshot by David Pastrnak.
6:54 of 1st period - Stopped by Jonathan Bernier with a rebound.
7:00 of 1st period - Snap shot by David Pastrnak.
7:00 of 1st period - Shot Blocked by James Neal.
7:02 of 1st period - Slapshot by Damon Severson.
7:02 of 1st period - Shot Misses the Net.
7:16 of 1st period - Slapshot by Ryan Getzlaf.
7:16 of 1st period - Stopped by Andrei Vasilevskiy with a rebound.
7:59 of 1st period - Snap shot by Brandon Sutter.
7:59 of 1st period - Goal by Brandon Sutter - Kings : 0 - Senateurs : 1.
8:00 of 1st period - Sidney Crosby wins face-off versus Sean Monahan in neutral zone.
8:54 of 1st period - Kyle Clifford is hit by Eric Gelinas.
9:04 of 1st period - Slapshot by Erik Haula.
9:04 of 1st period - Shot Blocked by Aaron Ekblad.
9:06 of 1st period - Snap shot by Erik Haula.
9:06 of 1st period - Shot Blocked by Aaron Ekblad.
9:08 of 1st period - Wrist shot by James Neal.
9:08 of 1st period - Stopped by Andrei Vasilevskiy without a rebound.
9:09 of 1st period - Sidney Crosby wins face-off versus Sean Monahan in Kings zone.
9:20 of 1st period - Wrist shot by Derek Boogaard.
9:20 of 1st period - Shot Blocked by Taylor Chorney.
9:22 of 1st period - Slapshot by Jared Cowen.
9:22 of 1st period - Deflect By Sean Bergenheim.
9:22 of 1st period - Stopped by Jonathan Bernier without a rebound.
9:23 of 1st period - Ryan O'Reilly wins face-off versus Sidney Crosby in Senateurs zone.
9:26 of 1st period - Slapshot by David Pastrnak.
9:26 of 1st period - Shot Blocked by Taylor Chorney.
9:32 of 1st period - Slapshot by Sidney Crosby.
9:32 of 1st period - Stopped by Andrei Vasilevskiy without a rebound.
9:33 of 1st period - Ryan O'Reilly wins face-off versus Sidney Crosby in Kings zone.
9:56 of 1st period - Ryan O'Reilly is hit by Sidney Crosby and loses puck.
10:01 of 1st period - Wrist shot by Reilly Smith.
10:01 of 1st period - Stopped by Andrei Vasilevskiy without a rebound.
10:02 of 1st period - Sean Monahan wins face-off versus Brandon Sutter in Kings zone.
10:02 of 1st period - Sean Monahan is hit by Brandon Sutter.
10:12 of 1st period - Slapshot by Rostislav Olesz.
10:12 of 1st period - Shot Misses the Net.
10:35 of 1st period - Nathan MacKinnon is hit by Paul Stastny and loses puck.
10:52 of 1st period - Brady Skjei is hit by Ryan Getzlaf and loses puck.
11:20 of 1st period - Slapshot by T.J. Fast.
11:20 of 1st period - Shot Blocked by Brady Skjei.
11:22 of 1st period - Snap shot by Sean Bergenheim.
11:22 of 1st period - Stopped by Andrei Vasilevskiy without a rebound.
11:23 of 1st period - Sean Monahan wins face-off versus Brandon Sutter in Kings zone.
11:30 of 1st period - Slapshot by Cody Franson.
11:30 of 1st period - Shot Misses the Net.
11:32 of 1st period - Slapshot by Cody Franson.
11:32 of 1st period - Shot Blocked by Mike Green.
12:13 of 1st period - Wrist shot by David Pastrnak.
12:13 of 1st period - Stopped by Jonathan Bernier without a rebound.
12:14 of 1st period - Ryan O'Reilly wins face-off versus Erik Haula in Senateurs zone.
12:27 of 1st period - Wrist shot by David Pastrnak.
12:27 of 1st period - Shot Blocked by Eric Gelinas.
12:55 of 1st period - Wrist shot by Erik Haula.
12:55 of 1st period - Shot Hit the Post.
12:57 of 1st period - Slapshot by PK Subban.
12:57 of 1st period - Stopped by Andrei Vasilevskiy without a rebound.
12:58 of 1st period - Derek Boogaard wins face-off versus Sidney Crosby in Kings zone.
13:25 of 1st period - Mike Green is hit by Kyle Clifford and loses puck.
13:52 of 1st period - Snap shot by Steve Bernier.
13:52 of 1st period - Stopped by Andrei Vasilevskiy with a rebound.
13:54 of 1st period - Snap shot by Ryan Getzlaf.
13:54 of 1st period - Stopped by Andrei Vasilevskiy with a rebound.
13:56 of 1st period - Slapshot by T.J. Fast.
13:56 of 1st period - Shot Blocked by Jared Cowen.
14:57 of 1st period - Teuvo Teravainen is hit by Taylor Chorney and loses puck.
15:33 of 1st period - Slapshot by David Pastrnak.
15:33 of 1st period - Stopped by Jonathan Bernier with a rebound.
15:35 of 1st period - Slapshot by Ryan O'Reilly.
15:35 of 1st period - Shot Misses the Net.
15:39 of 1st period - Snap shot by David Pastrnak.
15:39 of 1st period - Deflect By Jake Guentzel.
15:39 of 1st period - Stopped by Jonathan Bernier without a rebound.
15:40 of 1st period - Sidney Crosby wins face-off versus Sean Monahan in Senateurs zone.
15:55 of 1st period - Snap shot by Sean Bergenheim.
15:55 of 1st period - Shot Misses the Net.
16:05 of 1st period - Jason Pominville is hit by Teuvo Teravainen.
16:09 of 1st period - Wrist shot by PK Subban.
16:09 of 1st period - Stopped by Andrei Vasilevskiy with a rebound.
16:19 of 1st period - Wrist shot by Kyle Clifford.
16:19 of 1st period - Shot Blocked by Jason Pominville.
16:29 of 1st period - Wrist shot by Brandon Sutter.
16:29 of 1st period - Shot Misses the Net.
16:43 of 1st period - Slapshot by Paul Stastny.
16:43 of 1st period - Shot Misses the Net.
18:20 of 1st period - Snap shot by Sidney Crosby.
18:20 of 1st period - Stopped by Andrei Vasilevskiy with a rebound.
19:21 of 1st period - Reilly Smith is hit by Pavel Datsyuk and loses puck.
Goals for this period are 0 for Kings vs 1 for Senateurs.
Shots for this period are 9 for Kings vs 15 for Senateurs.
2nd period
0:01 of 2nd period - Nathan MacKinnon wins face-off versus Sidney Crosby in neutral zone.
0:33 of 2nd period - Slapshot by Mikko Rantanen.
0:33 of 2nd period - Stopped by Jonathan Bernier without a rebound.
0:34 of 2nd period - Sidney Crosby wins face-off versus Sean Monahan in Senateurs zone.
0:34 of 2nd period - Sidney Crosby is hit by Sean Monahan.
1:01 of 2nd period - Brandon Sutter is hit by David Pastrnak and loses puck.
1:08 of 2nd period - Jake Guentzel is hit by Brandon Sutter.
1:14 of 2nd period - Jason Pominville is hit by David Pastrnak and loses puck.
1:28 of 2nd period - Minor Penalty to Jared Cowen for Tripping.
1:29 of 2nd period - Sidney Crosby wins face-off versus Ryan O'Reilly in Kings zone.
2:38 of 2nd period - Jason Pominville is hit by Kyle Clifford and loses puck.
3:13 of 2nd period - Brandon Sutter is hit by Derek Boogaard and loses puck.
3:28 of 2nd period - Penalty to Jared Cowen is over, Jared Cowen is back on ice.
3:54 of 2nd period - Snap shot by Ryan Getzlaf.
3:54 of 2nd period - Shot Misses the Net.
3:56 of 2nd period - Slapshot by Mike Green.
3:56 of 2nd period - Shot Misses the Net.
4:24 of 2nd period - Wrist shot by Max Friberg.
4:24 of 2nd period - Deflect By Mikko Rantanen.
4:24 of 2nd period - Shot Hit the Post.
4:24 of 2nd period - Puck is out of play.
4:25 of 2nd period - Sidney Crosby wins face-off versus Sean Monahan in Senateurs zone.
4:47 of 2nd period - Snap shot by James Neal.
4:47 of 2nd period - Stopped by Andrei Vasilevskiy without a rebound.
4:48 of 2nd period - Ryan O'Reilly wins face-off versus Erik Haula in Kings zone.
4:53 of 2nd period - Erik Haula is hit by Damon Severson and loses puck.
5:46 of 2nd period - Nathan MacKinnon is hit by Brandon Sutter and loses puck.
6:08 of 2nd period - Off-side.
6:09 of 2nd period - Sidney Crosby wins face-off versus Nathan MacKinnon in neutral zone.
6:14 of 2nd period - Slapshot by Reilly Smith.
6:14 of 2nd period - Shot Misses the Net.
6:47 of 2nd period - Wrist shot by Sean Monahan.
6:47 of 2nd period - Stopped by Jonathan Bernier without a rebound.
6:48 of 2nd period - Brandon Sutter wins face-off versus Sean Monahan in Senateurs zone.
7:29 of 2nd period - Snap shot by Mikko Rantanen.
7:29 of 2nd period - Deflect By Eric Gelinas.
7:29 of 2nd period - Stopped by Jonathan Bernier without a rebound.
7:30 of 2nd period - Sidney Crosby wins face-off versus Ryan O'Reilly in Senateurs zone.
7:57 of 2nd period - Paul Stastny is hit by Nathan MacKinnon and loses puck.
8:23 of 2nd period - Steve Bernier is hit by Seth Jones and loses puck.
9:11 of 2nd period - Wrist shot by David Pastrnak.
9:11 of 2nd period - Stopped by Jonathan Bernier with a rebound.
9:59 of 2nd period - Minor Penalty to Teuvo Teravainen for Hooking.
10:00 of 2nd period - Sidney Crosby wins face-off versus Ryan O'Reilly in Kings zone.
10:00 of 2nd period - Slapshot by Sean Bergenheim.
10:00 of 2nd period - Shot Misses the Net.
10:02 of 2nd period - Backhand shot by Mike Green.
10:02 of 2nd period - Shot Misses the Net.
10:04 of 2nd period - Slapshot by Mike Green.
10:04 of 2nd period - Stopped by Andrei Vasilevskiy with a rebound.
10:06 of 2nd period - Snap shot by Eric Gelinas.
10:06 of 2nd period - Shot Blocked by Jared Cowen.
10:35 of 2nd period - Snap shot by Brandon Sutter.
10:35 of 2nd period - Stopped by Andrei Vasilevskiy without a rebound.
10:36 of 2nd period - Sidney Crosby wins face-off versus Ryan O'Reilly in Kings zone.
10:54 of 2nd period - Icing by Sidney Crosby.
10:55 of 2nd period - Sidney Crosby wins face-off versus Drew Stafford in Senateurs zone.
11:20 of 2nd period - Snap shot by Sidney Crosby.
11:20 of 2nd period - Goal by Sidney Crosby - Kings : 0 - Senateurs : 2.
11:21 of 2nd period - Sidney Crosby wins face-off versus Ryan O'Reilly in neutral zone.
11:54 of 2nd period - Backhand shot by Erik Haula.
11:54 of 2nd period - Stopped by Andrei Vasilevskiy without a rebound.
11:55 of 2nd period - Sean Monahan wins face-off versus Erik Haula in Kings zone.
12:06 of 2nd period - Slapshot by Seth Jones.
12:06 of 2nd period - Stopped by Jonathan Bernier without a rebound.
12:07 of 2nd period - Sidney Crosby wins face-off versus Nathan MacKinnon in Senateurs zone.
12:12 of 2nd period - Jared Cowen is hit by Sidney Crosby and loses puck.
12:21 of 2nd period - Snap shot by Nathan MacKinnon.
12:21 of 2nd period - Shot Misses the Net.
12:23 of 2nd period - Wrist shot by Brady Skjei.
12:23 of 2nd period - Shot Blocked by Sean Bergenheim.
13:21 of 2nd period - Nathan MacKinnon is hit by Sean Bergenheim and loses puck.
14:03 of 2nd period - Snap shot by David Pastrnak.
14:03 of 2nd period - Stopped by Jonathan Bernier with a rebound.
14:35 of 2nd period - Wrist shot by James Neal.
14:35 of 2nd period - Shot Blocked by Cody Franson.
14:49 of 2nd period - Wrist shot by Nathan MacKinnon.
14:49 of 2nd period - Shot Blocked by PK Subban.
14:51 of 2nd period - Wrist shot by Teuvo Teravainen.
14:51 of 2nd period - Deflect By Kyle Clifford.
14:51 of 2nd period - Stopped by Jonathan Bernier with a rebound.
15:35 of 2nd period - Rostislav Olesz is hit by Aaron Ekblad and loses puck.
15:53 of 2nd period - Snap shot by Brady Skjei.
15:53 of 2nd period - Shot Blocked by Paul Stastny.
16:29 of 2nd period - Brandon Burlon is hit by Jake Guentzel and loses puck.
17:58 of 2nd period - Wrist shot by Eric Wellwood.
17:58 of 2nd period - Stopped by Andrei Vasilevskiy without a rebound.
17:59 of 2nd period - Brandon Sutter wins face-off versus Sean Monahan in Kings zone.
18:00 of 2nd period - Wrist shot by Jason Pominville.
18:00 of 2nd period - Shot Blocked by Sean Monahan.
18:54 of 2nd period - Off-side.
18:55 of 2nd period - Nathan MacKinnon wins face-off versus Ryan Getzlaf in neutral zone.
18:58 of 2nd period - Steve Bernier is hit by Brady Skjei and loses puck.
19:16 of 2nd period - Minor Penalty to Kyle Clifford for Hooking.
19:17 of 2nd period - Ryan O'Reilly wins face-off versus Reilly Smith in Kings zone.
19:28 of 2nd period - Wrist shot by Sidney Crosby.
19:28 of 2nd period - Shot Misses the Net.
19:48 of 2nd period - Off-side.
19:49 of 2nd period - Ryan O'Reilly wins face-off versus Sidney Crosby in neutral zone.
19:51 of 2nd period - Off-side.
19:52 of 2nd period - Ryan O'Reilly wins face-off versus Sidney Crosby in neutral zone.
Goals for this period are 0 for Kings vs 1 for Senateurs.
Shots for this period are 7 for Kings vs 6 for Senateurs.
3rd period
0:01 of 3rd period - Sidney Crosby wins face-off versus Ryan O'Reilly in neutral zone.
0:42 of 3rd period - Nathan MacKinnon is hit by Sean Bergenheim and loses puck.
1:09 of 3rd period - Nathan MacKinnon is hit by Taylor Chorney and loses puck.
1:16 of 3rd period - Penalty to Kyle Clifford is over, Kyle Clifford is back on ice.
1:20 of 3rd period - Slapshot by Kyle Clifford.
1:20 of 3rd period - Stopped by Jonathan Bernier with a rebound.
1:22 of 3rd period - Slapshot by Brady Skjei.
1:22 of 3rd period - Shot Misses the Net.
1:32 of 3rd period - Snap shot by Sean Monahan.
1:32 of 3rd period - Shot Misses the Net.
1:34 of 3rd period - Backhand shot by Ryan O'Reilly.
1:34 of 3rd period - Deflect By Sean Monahan.
1:34 of 3rd period - Stopped by Jonathan Bernier with a rebound.
1:36 of 3rd period - Slapshot by Brady Skjei.
1:36 of 3rd period - Shot Misses the Net.
1:38 of 3rd period - Snap shot by Ryan O'Reilly.
1:38 of 3rd period - Shot Misses the Net.
1:40 of 3rd period - Wrist shot by Kyle Clifford.
1:40 of 3rd period - Shot Hit the Post.
1:48 of 3rd period - Wrist shot by Ryan O'Reilly.
1:48 of 3rd period - Deflect By Sean Monahan.
1:48 of 3rd period - Stopped by Jonathan Bernier without a rebound.
1:49 of 3rd period - Pavel Datsyuk wins face-off versus Rostislav Olesz in Senateurs zone.
2:49 of 3rd period - Snap shot by Erik Haula.
2:49 of 3rd period - Shot Misses the Net.
2:51 of 3rd period - Slapshot by Paul Stastny.
2:51 of 3rd period - Shot Blocked by Aaron Ekblad.
2:53 of 3rd period - Snap shot by Paul Stastny.
2:53 of 3rd period - Shot Misses the Net.
4:34 of 3rd period - Snap shot by Drew Stafford.
4:34 of 3rd period - Stopped by Jonathan Bernier with a rebound.
5:10 of 3rd period - Mikko Rantanen is hit by Reilly Smith and loses puck.
5:21 of 3rd period - PK Subban is hit by Nathan MacKinnon and loses puck.
5:47 of 3rd period - David Pastrnak is hit by Erik Haula and loses puck.
6:44 of 3rd period - Nathan MacKinnon is hit by Brandon Sutter and loses puck.
7:13 of 3rd period - Jake Guentzel is hit by Eric Gelinas and loses puck.
7:45 of 3rd period - Aaron Ekblad is hit by Ryan Getzlaf and loses puck.
8:02 of 3rd period - Jason Pominville is hit by Brady Skjei and loses puck.
8:14 of 3rd period - Kyle Clifford is hit by Jason Pominville and loses puck.
8:35 of 3rd period - Snap shot by James Neal.
8:35 of 3rd period - Shot Blocked by Aaron Ekblad.
9:03 of 3rd period - Jared Cowen is hit by Sean Bergenheim and loses puck.
9:26 of 3rd period - Ryan Getzlaf is hit by Drew Stafford and loses puck.
9:30 of 3rd period - Icing by T.J. Fast.
9:31 of 3rd period - Ryan Getzlaf wins face-off versus Ryan O'Reilly in Senateurs zone.
10:01 of 3rd period - Mikko Rantanen is hit by Sidney Crosby and loses puck.
11:00 of 3rd period - T.J. Fast is hit by David Pastrnak and loses puck.
11:38 of 3rd period - Snap shot by Ryan Getzlaf.
11:38 of 3rd period - Stopped by Andrei Vasilevskiy with a rebound.
11:48 of 3rd period - Slapshot by Jared Cowen.
11:48 of 3rd period - Stopped by Jonathan Bernier without a rebound.
11:49 of 3rd period - Nathan MacKinnon wins face-off versus Sidney Crosby in Senateurs zone.
12:12 of 3rd period - Minor Penalty to Eric Gelinas for Slashing.
12:13 of 3rd period - Sidney Crosby wins face-off versus Nathan MacKinnon in Senateurs zone.
12:40 of 3rd period - Mike Green is hit by Teuvo Teravainen and loses puck.
12:49 of 3rd period - Wrist shot by Sean Monahan.
12:49 of 3rd period - Goal by Sean Monahan - Kings : 1 - Senateurs : 2.
12:50 of 3rd period - Brandon Sutter wins face-off versus Ryan O'Reilly in neutral zone.
13:17 of 3rd period - Derek Boogaard is hit by Sean Bergenheim and loses puck.
13:26 of 3rd period - Snap shot by Sean Monahan.
13:26 of 3rd period - Shot Blocked by Eric Gelinas.
13:43 of 3rd period - Minor Penalty to Nathan MacKinnon for Tripping.
13:44 of 3rd period - Sidney Crosby wins face-off versus Ryan O'Reilly in Kings zone.
13:54 of 3rd period - Snap shot by Sidney Crosby.
13:54 of 3rd period - Shot Blocked by Jared Cowen.
13:56 of 3rd period - Wrist shot by PK Subban.
13:56 of 3rd period - Shot Blocked by Cody Franson.
13:58 of 3rd period - Wrist shot by Sidney Crosby.
13:58 of 3rd period - Goal by Sidney Crosby - Kings : 1 - Senateurs : 3.
13:59 of 3rd period - Sidney Crosby wins face-off versus Ryan O'Reilly in neutral zone.
14:26 of 3rd period - Sean Monahan is hit by Eric Gelinas and loses puck.
14:35 of 3rd period - Snap shot by Mikko Rantanen.
14:35 of 3rd period - Stopped by Jonathan Bernier with a rebound.
14:37 of 3rd period - Slapshot by Aaron Ekblad.
14:37 of 3rd period - Shot Misses the Net.
14:39 of 3rd period - Slapshot by Aaron Ekblad.
14:39 of 3rd period - Deflect By Eric Gelinas.
14:39 of 3rd period - Stopped by Jonathan Bernier with a rebound.
15:36 of 3rd period - Icing by Eric Gelinas.
15:37 of 3rd period - Sidney Crosby wins face-off versus Sean Monahan in Senateurs zone.
15:37 of 3rd period - Sidney Crosby is hit by Mikko Rantanen.
16:01 of 3rd period - Reilly Smith is hit by Teuvo Teravainen and loses puck.
16:22 of 3rd period - Wrist shot by Sean Bergenheim.
16:22 of 3rd period - Stopped by Andrei Vasilevskiy with a rebound.
16:24 of 3rd period - Wrist shot by Sean Bergenheim.
16:24 of 3rd period - Stopped by Andrei Vasilevskiy with a rebound.
16:26 of 3rd period - Slapshot by Mike Green.
16:26 of 3rd period - Deflect By Sidney Crosby.
16:26 of 3rd period - Goal by Sidney Crosby - Kings : 1 - Senateurs : 4.
16:27 of 3rd period - Sean Monahan wins face-off versus Brandon Sutter in neutral zone.
17:06 of 3rd period - Slapshot by Brandon Burlon.
17:06 of 3rd period - Stopped by Andrei Vasilevskiy with a rebound.
17:26 of 3rd period - Snap shot by Erik Haula.
17:26 of 3rd period - Shot Blocked by Brady Skjei.
17:28 of 3rd period - Slapshot by Brandon Burlon.
17:28 of 3rd period - Stopped by Andrei Vasilevskiy without a rebound.
17:29 of 3rd period - Ryan O'Reilly wins face-off versus Sidney Crosby in Kings zone.
17:40 of 3rd period - Jake Guentzel is hit by Reilly Smith and loses puck.
18:16 of 3rd period - Brandon Burlon is hit by Cody Franson and loses puck.
19:07 of 3rd period - Snap shot by Pavel Datsyuk.
19:07 of 3rd period - Shot Blocked by Mike Green.
19:15 of 3rd period - Seth Jones is hit by Mike Green and loses puck.
19:27 of 3rd period - Icing by Sean Monahan.
19:28 of 3rd period - Sean Monahan wins face-off versus Sidney Crosby in Kings zone.
19:28 of 3rd period - Sean Monahan is hit by Sean Bergenheim.
Goals for this period are 1 for Kings vs 2 for Senateurs.
Shots for this period are 8 for Kings vs 7 for Senateurs.